 Seeded DCSS version 0.30-a0-737-gf23d94013f (webtiles) character file.

Game seed: 20230202 (custom seed)

52 Orangeyouglad the Trooper (level 3, -3/37 HPs)
             Began as an Ogre Gladiator on Feb 2, 2023.
             Was a Believer of Ru.
             Killed by nerve-wracking pain
             ... invoked by an orc priest
              (10 damage)
             ... on level 3 of the Dungeon.
             The game lasted 00:04:48 (1552 turns).

Orangeyouglad the Trooper (Ogre Gladiator)          Turns: 1552, Time: 00:04:48

Health: -3/37      AC:  5    Str: 20    XL:     3   Next: 85%
Magic:  3/3        EV: 10    Int:  9    God:    Ru [**....]
Gold:   99         SH:  0    Dex: 10    Spells: 2/2 levels left

rFire   x . .      SeeInvis .    a - +0 quarterstaff
rCold   x . .      Faith    .    (shield currently unavailable)
rNeg    . . .      Spirit   .    b - +0 robe
rPois   .          Reflect  .    k - +2 hat
rElec   .          Harm     .    (no cloak)
rCorr   .          Rampage  .    (gloves unavailable)
Will    .....                    (boots unavailable)
Stlth   +                        (no amulet)
HPRegen 0.26/turn                (no ring)
MPRegen 0.08/turn                (no ring)

@: no status effects
A: large, unfitting armour, tough skin 1, temperature sensitive
a: Renounce Religion


You were on level 3 of the Dungeon.
You worshipped Ru.
Ru was pleased with you.
You visited 1 branch of the dungeon, and saw 3 of its levels.

You collected 99 gold pieces.

Inventory:

Hand Weapons
 a - a +0 quarterstaff (weapon)
Missiles
 d - 3 throwing nets
 e - a large rock (quivered)
Armour
 b - a +0 robe (worn)
 k - a +2 hat (worn)
Scrolls
 f - a scroll of immolation {unknown}
 h - 7 scrolls of identify {unknown}
 l - a scroll of fog {unknown}
Potions
 c - a potion of mutation {unknown}
 g - a potion of degeneration {unknown}
 i - a potion of attraction {unknown}
 j - a potion of might {unknown}


   Skills:
 + Level 3.5 Fighting
 + Level 3.4 Staves
 + Level 2.7 Throwing
 + Level 3.1 Dodging


You had 2 spell levels left.
You didn't know any spells.
Your spell library was empty.

Dungeon Overview and Level Annotations

Branches:
Dungeon (3/15)

Altars:
Nemelex Xobeh
Ru


Innate Abilities, Weirdness & Mutations

You are too large for most types of armour.
You have tough skin. (AC +1)
You are sensitive to extremes of temperature. (rF-, rC-)


Message History

An orc priest and an orc come into view.
There are monsters nearby!
The orc hits you but does no damage.
There is an open gate here.
You redirect the orc's attack!
The orc barely misses itself.
You barely miss the orc. The orc barely misses you.
You completely miss the orc. The orc hits you but does no damage.
You sock the orc!
You kill the orc!
An orc comes into view. It is wielding a +0 hand axe.
Things that are here:
a +0 short sword; a +0 leather armour; an orc corpse An orc wizard comes into view.
It is wielding a +0 dagger.
The orc shouts!
The orc priest completely misses you.
The orc wizard shouts!
You hit the orc priest.
The orc priest is lightly wounded.
You hear a shout!
The orc wizard points at you and mumbles some strange words.
The magic dart hits you! The orc wizard casts a spell at you.
You resist with some effort.
The orc priest invokes the aid of Beogh against you.
Beogh smites you!
An orc comes into view. It is wielding a +0 club.
You hit the orc priest.
The orc priest is heavily wounded.
The orc priest closely misses you.
The orc priest hits you but does no damage.
You hit the orc priest but do no damage.
The orc priest is heavily wounded.
The orc wizard casts a spell at you. The puff of flame hits you!
The fire burns you terribly!
* * * LOW HITPOINT WARNING * * *
The orc priest closely misses you.
The orc priest invokes the aid of Beogh against you.
Pain shoots through your body!
You die...

#...##...###########
#....'...'..........
#.####...###########
#####..............#
..##...#########'# #
#o#.....[.....<... #.
#o##.####...###...
#.#####o##.#......+.....
#.....o@##...##...##....
###'''####..###...##....
#...#.##..###...##.#+#
##..#.#..>..+...+..#.#
#......#####...#...<.
#......# #...##.##.
#......+ +.........
#......# #...##.###
#......# ###...##....


You could see an orc priest, an orc wizard and 2 orcs.

Vanquished Creatures
  A gnoll (D:1)
  3 worms (D:2)
  A dart slug (D:2)
  An orc (D:3)
  A ball python (D:1)
  3 endoplasms (D:2)
  A giant cockroach (D:2)
  A goblin (D:1)
  2 hobgoblins (D:2)
  3 quokkas
  5 bats (D:2)
  2 frilled lizards (D:2)
  A kobold (D:1)
  5 rats
30 creatures vanquished.

Vanquished Creatures (others)
  A bat (D:2)
1 creature vanquished.

Grand Total: 31 creatures vanquished

Notes
Turn   | Place    | Note
-------+----------+-------------------------------------------
     0 | D:1      | Orangeyouglad the Ogre Gladiator began the quest for the
                  | Orb.
     0 | D:1      | Reached XP level 1. HP: 22/22 MP: 1/1
   158 | D:1      | Reached XP level 2. HP: 24/31 MP: 2/2
   714 | D:2      | Reached XP level 3. HP: 37/37 MP: 3/3
   790 | D:2      | Found a faded altar of an unknown god.
   849 | D:2      | Prayed at the altar of an unknown god.
   849 | D:2      | Became a worshipper of Ru the Awakened
   853 | D:2      | Gained mutation: You are sensitive to extremes of
                  | temperature. (rF-, rC-) [Ru sacrifice]
   853 | D:2      | Reached * piety under Ru
   853 | D:2      | Reached ** piety under Ru
  1419 | D:3      | Found a sparkling altar of Nemelex Xobeh.
  1552 | D:3      | Killed from afar by an orc priest

Illustrated notes

Levels and vault maps discovered:
D:1:      minmay_arrival_wavy_path, layout_rooms
D:2:      layout_basic, ebering_ecumenical_altar_hall
D:3:      layout_basic, grunt_temple_overflow_open,
          mainiacjoe_overflow_alcove_4, cheibrodos_worm_habitat,
          kiku_gazebo_pond_becter, nemelex_xobeh_ov_fountains_minmay

Skill      XL: |  1  2  3 |
---------------+----------+-----
Fighting       | 3 |  3.5
Dodging        | 3 |  3.1
Staves         | |  3.4
Throwing       | |  2.7

Action                     || total
---------------------------++-------
  Melee: Quarterstaff      ||    98
  Throw: Large rock        ||     1
 Invoke: Sacrifice Resista ||     1
 Armour: Robe              ||    49
  Dodge: Dodged            ||    59

Table legend: (Time is in decaauts)
 A = Elapsed time spent in this place.
 B = Non-inter-level travel time spent in this place.
 C = Inter-level travel time spent in this place.
 D = Time resting spent in this place.
 E = Time spent auto-exploring this place.
 F = Levels seen in this place.
 G = Mean time per level.
                   A        B        C        D        E       F      G
               +--------+--------+--------+--------+--------+-----+--------+
         Total |   1565 |   1452 |    113 |      0 |   1050 |   3 |  521.7 |
       Dungeon |   1565 |   1452 |    113 |      0 |   1050 |   3 |  521.7 |
               +--------+--------+--------+--------+--------+-----+--------+

Top non-repeatable levels by time:
     D:2: 837 daAuts
     D:1: 580 daAuts
     D:3: 148 daAuts
